[Event "2026 European Womens Championship"]
[Site "Batumi, GE"]
[Date "2026.05.30"]
[Round "6"]
[White "Khotenashvili, Bella"]
[Black "Skarbarchuk, Tetyana"]
[Result "1-0"]
[Board "68"]
[TimeControl "5400+30"]
[WhiteFideId "13602640"]
[BlackFideId "14184494"]
[WhiteElo "2415"]
[BlackElo "2236"]
[WhiteTitle "GM"]
[WhiteClock "0:20:42"]
[BlackClock "0:06:19"]
[Variant "Standard"]

1. c4 e6 2. Nf3 d5 3. d4 Nf6 4. g3 dxc4 5. Bg2 a6 6. O-O Nc6 7. Nc3 Rb8 8. e4 Be7 9. Bf4 O-O 10. a3 Na5 11. Qc2 b5 12. Rad1 Bb7 13. Rfe1 Nb3 14. h4 Nh5 15. Be3 f5 16. Bg5 f4 17. g4 Nf6 18. d5 e5 19. Nxe5 Qc8 20. Bh3 Bc5 21. Bxf6 Nd4 22. Rxd4 Bxd4 23. Nd7 Bxf6 24. g5 Bxc3 25. Qxc3 Kh8 26. Kh2 Qe8 27. Nxb8 Qxb8 28. Qd4 f3 29. e5 Rd8 30. e6 c5+ 31. Qe5 Qxe5+ 32. Rxe5 Rxd5 33. Re3 Rd3 34. Re5 Rd5 35. Re1 Bc6 36. e7 Be8 37. Re4 Rd4 38. Re3 Rd3 39. Be6 g6 40. Kg3 Kg7 41. Rxd3 cxd3 42. Kxf3 c4 43. Ke3 a5 44. a4 c3 45. bxc3 bxa4 46. Kxd3 a3 47. Kc2 a4 48. Kb1 1-0

[Event "2026 European Womens Championship"]
[Site "Batumi, GE"]
[Date "2026.05.30"]
[Round "6"]
[White "Danielian, Elina"]
[Black "Piddubna, Bozhena"]
[Result "1/2-1/2"]
[Board "69"]
[TimeControl "5400+30"]
[WhiteFideId "13300210"]
[BlackFideId "34109293"]
[WhiteElo "2390"]
[BlackElo "2235"]
[WhiteTitle "GM"]
[BlackTitle "WIM"]
[WhiteClock "0:10:13"]
[BlackClock "0:02:59"]
[Variant "Standard"]

1. d4 Nf6 2. c4 e6 3. Nc3 Bb4 4. e3 O-O 5. Bd3 d5 6. Nf3 dxc4 7. Bxc4 c5 8. O-O Nc6 9. Bd3 cxd4 10. exd4 Be7 11. a3 b6 12. Re1 Bb7 13. Bc2 Na5 14. Ne5 Nc6 15. Nf3 Na5 16. Bg5 h6 17. Bxf6 Bxf6 18. Qd3 g6 19. Rad1 Rc8 20. Qe2 Nc4 21. Be4 Bxe4 22. Nxe4 Bg7 23. Ne5 Nd6 24. Nc3 Re8 25. g3 Qf6 26. Qa6 Qe7 27. d5 exd5 28. Nxd5 Qb7 29. Qxb7 Nxb7 30. Nxg6 fxg6 31. Ne7+ Kf8 32. Nxc8 Rxc8 33. b4 Rc7 34. h4 Re7 35. Kf1 Ke8 36. Re2 Rxe2 37. Kxe2 Ke7 38. Rc1 Kd7 39. f4 h5 40. g4 Nd6 41. Rg1 hxg4 42. Rxg4 Bf6 43. Rxg6 Bxh4 44. a4 a6 45. f5 Bd8 46. f6 Nf7 47. Ke3 Ke6 48. Rg8 Kxf6 49. Re8 a5 50. bxa5 bxa5 51. Kd4 Be7 52. Ra8 Bb4 53. Ra6+ Kf5 54. Rb6 Nd6 55. Kd5 Ne4 56. Rxb4 axb4 57. Kc4 b3 58. Kxb3 Nc5+ 59. Kb4 Nxa4 1/2-1/2

[Event "2026 European Womens Championship"]
[Site "Batumi, GE"]
[Date "2026.05.30"]
[Round "6"]
[White "Safarli, Josefine"]
[Black "Maltsevskaya, Aleksandra"]
[Result "1-0"]
[Board "70"]
[TimeControl "5400+30"]
[WhiteFideId "12900460"]
[BlackFideId "24174041"]
[WhiteElo "2253"]
[BlackElo "2390"]
[WhiteTitle "WGM"]
[BlackTitle "IM"]
[WhiteClock "0:22:22"]
[BlackClock "0:11:40"]
[Variant "Standard"]

1. e4 c5 2. Nf3 d6 3. d4 cxd4 4. Nxd4 Nf6 5. Nc3 Nc6 6. Bg5 e6 7. Qd2 Bd7 8. Ndb5 Qb8 9. O-O-O h6 10. Bxf6 gxf6 11. Nxd6+ Bxd6 12. Qxd6 Qxd6 13. Rxd6 Ke7 14. Rd2 Rac8 15. Bb5 Ne5 16. Bxd7 Nxd7 17. Rhd1 Nb8 18. a4 a6 19. Rd3 Rc7 20. b3 Rg8 21. g3 Nd7 22. f4 Rb8 23. a5 Rbc8 24. Kb2 Nb8 25. Ra1 Nc6 26. Nd5+ exd5 27. exd5 Ne5 28. d6+ Ke6 29. dxc7 Nxd3+ 30. cxd3 Rxc7 31. Rc1 Rd7 32. Kc3 h5 33. Kd2 Kf5 34. h3 Rd5 35. b4 Ke6 36. Rc7 h4 37. gxh4 Rd4 38. Rc4 Rd5 39. Kc3 Rf5 40. Rc7 Rxf4 41. Rxb7 f5 42. Rb6+ Ke5 43. Rxa6 Rf1 44. Ra7 f6 45. Re7+ Kd6 46. Re2 f4 47. Ra2 f3 48. Kd4 Re1 49. Rf2 1-0

[Event "2026 European Womens Championship"]
[Site "Batumi, GE"]
[Date "2026.05.30"]
[Round "6"]
[White "Charkhalashvili, Inga"]
[Black "Sivanandan, Bodhana"]
[Result "1/2-1/2"]
[Board "71"]
[TimeControl "5400+30"]
[WhiteFideId "13601431"]
[BlackFideId "497592"]
[WhiteElo "2235"]
[BlackElo "2374"]
[WhiteTitle "WGM"]
[BlackTitle "FM"]
[WhiteClock "0:01:16"]
[BlackClock "0:02:27"]
[Variant "Standard"]

1. d4 d5 2. c4 c6 3. Nc3 Nf6 4. Nf3 e6 5. cxd5 exd5 6. Bg5 Be7 7. e3 h6 8. Bf4 Bf5 9. Bd3 Bxd3 10. Qxd3 O-O 11. O-O Re8 12. h3 Bd6 13. Rfe1 Ne4 14. Ne5 Nd7 15. Nxd7 Qxd7 16. Bxd6 Nxd6 17. b4 a5 18. Rab1 axb4 19. Rxb4 Ra3 20. Ra4 Ra8 21. Rxa8+ Rxa8 22. a4 Qf5 23. Qe2 Re8 24. Ra1 Re6 25. Kh2 Qg5 26. a5 Nf5 27. Qg4 Qf6 28. a6 bxa6 29. Rxa6 Ne7 30. Ra8+ Kh7 31. Qe2 Ng6 32. Qc2 Qh4 33. Kg1 Rf6 34. Rc8 Re6 35. Na4 Qf6 36. Nc5 Rd6 37. Nb7 Re6 38. Na5 Qg5 39. Nxc6 Re4 40. Nb4 Nh4 41. g3 Nf3+ 42. Kf1 Qh5 43. h4 Qf5 44. Qc3 Qh3+ 45. Ke2 Nxd4+ 46. Kd2 Qf1 47. Nd3 Nf3+ 48. Kc2 Qe2+ 49. Kc1 Re7 50. Qc2 Qf1+ 51. Qd1 Qh3 52. Rc2 Qf5 53. Nf4 Ne5 54. h5 Ra7 55. Qd4 Ra5 56. Kd1 Ra3 57. Qb2 Ra4 58. Rc1 Qg4+ 59. Qe2 Nf3 60. Nxd5 Ra7 61. Qd3+ f5 62. Qc4 Qxh5 63. Nf4 Qg4 64. Qe2 Rd7+ 65. Kc2 Rd2+ 66. Qxd2 Nxd2 67. Kxd2 Qf3 68. Nd3 h5 69. Rc7 Kh6 70. Rd7 g5 71. Rd6+ Kh7 72. Rd7+ Kg8 73. Rd8+ Kg7 74. Rd7+ Kf6 75. Rd6+ Ke7 76. Rh6 Qg4 77. Ke1 Qc4 78. Kd2 Qa2+ 79. Kd1 Qa1+ 80. Kd2 Qh1 81. Ke2 Ke8 82. Ne5 h4 83. gxh4 g4 84. Re6+ Kd8 85. Nc6+ Kd7 86. Nd4 Qxh4 87. Rd6+ Kc7 88. Nxf5 Qh1 89. Rf6 Qf3+ 90. Ke1 Kb8 91. Rb6+ Ka7 92. Rb5 Ka6 93. Nd4 Qe4 94. Ke2 Qg2 95. Rg5 Qe4 96. Rf5 Qg2 97. Rg5 Qe4 98. Rf5 Qg2 99. Rg5 Qe4 1/2-1/2

[Event "2026 European Womens Championship"]
[Site "Batumi, GE"]
[Date "2026.05.30"]
[Round "6"]
[White "Atalik, Ekaterina"]
[Black "Orian, Noga"]
[Result "0-1"]
[Board "72"]
[TimeControl "5400+30"]
[WhiteFideId "4130189"]
[BlackFideId "2836475"]
[WhiteElo "2372"]
[BlackElo "2231"]
[WhiteTitle "IM"]
[BlackTitle "WIM"]
[WhiteClock "0:34:56"]
[BlackClock "0:06:13"]
[Variant "Standard"]

1. d4 Nf6 2. c4 e6 3. Nf3 b6 4. g3 Ba6 5. Qa4 Bb7 6. Bg2 c5 7. dxc5 bxc5 8. O-O Be7 9. Nc3 O-O 10. Rd1 d6 11. Bg5 Qb6 12. Rd2 Rd8 13. Rad1 h6 14. Bxf6 Bxf6 15. Qb3 Be7 16. Nb5 d5 17. Ne1 Nc6 18. cxd5 Na5 19. Qa4 exd5 20. Na3 Bc6 21. Qc2 Bg5 22. f4 Bf6 23. Kf1 Bd4 24. Qf5 g6 25. Qg4 Bd7 26. Qf3 Bf5 27. g4 Be4 28. Qg3 Bxb2 29. Bxe4 dxe4 30. Nac2 Nc4 31. Rxd8+ Rxd8 32. Rxd8+ Qxd8 33. Ne3 Nxe3+ 34. Qxe3 Qd4 35. Qb3 c4 36. Qa4 Bc3 37. Ng2 Kg7 38. h4 Bd2 39. h5 e3 40. Kg1 gxh5 41. gxh5 Qe4 42. Kh2 a5 43. Kg3 Bb4 44. a3 Bd2 45. Qd7 c3 46. Qg4+ Kf8 47. Qc8+ Ke7 48. f5 c2 49. Qc7+ Kf6 50. Qd6+ Kxf5 51. Nh4+ Kg5 52. Nf3+ Kxh5 53. Qc5+ f5 54. Qf8 Qg4+ 55. Kh2 c1=Q 56. Qf7+ Qg6 57. Qe7 Be1 0-1

[Event "2026 European Womens Championship"]
[Site "Batumi, GE"]
[Date "2026.05.30"]
[Round "6"]
[White "Tirpan, Ceren"]
[Black "Klek, Hanna Marie"]
[Result "1/2-1/2"]
[Board "73"]
[TimeControl "5400+30"]
[WhiteFideId "26385309"]
[BlackFideId "24670057"]
[WhiteElo "2209"]
[BlackElo "2369"]
[WhiteTitle "WFM"]
[BlackTitle "WGM"]
[WhiteClock "0:01:49"]
[BlackClock "0:01:38"]
[Variant "Standard"]

1. c4 e5 2. g3 c6 3. d4 e4 4. a3 d5 5. Nc3 h6 6. f3 exf3 7. Nxf3 Nf6 8. Bg2 Bd6 9. O-O Be6 10. cxd5 cxd5 11. Nb5 O-O 12. Nxd6 Qxd6 13. Ne5 Ne4 14. Bf4 Qb6 15. Rf3 Nd7 16. Rb3 Qa6 17. Nxd7 Bxd7 18. Qd3 Rfe8 19. Rc1 b5 20. Rc7 Rad8 21. Bf1 g5 22. Bd2 Qb6 23. Rc1 Rc8 24. Bc3 a6 25. Qd1 Bg4 26. a4 Qf6 27. Be1 Rxc1 28. Qxc1 Qxd4+ 29. e3 Qb6 30. Bc3 Rc8 31. Qe1 Nxc3 32. bxc3 Re8 33. axb5 Rxe3 34. Qf2 axb5 35. Rxb5 Qe6 36. Rxd5 Bf3 37. Rd3 Rxd3 38. Bxd3 Bc6 39. Bf1 Qe5 40. Qd4 Qf5 41. Qd8+ Kg7 42. Qd4+ Kg8 43. Qd8+ 1/2-1/2

[Event "2026 European Womens Championship"]
[Site "Batumi, GE"]
[Date "2026.05.30"]
[Round "6"]
[White "Beydullayeva, Govhar"]
[Black "Rudzinska, Michalina"]
[Result "1-0"]
[Board "74"]
[TimeControl "5400+30"]
[WhiteFideId "13413015"]
[BlackFideId "1172883"]
[WhiteElo "2368"]
[BlackElo "2200"]
[WhiteTitle "WGM"]
[BlackTitle "WGM"]
[WhiteClock "0:11:59"]
[BlackClock "0:02:34"]
[Variant "Standard"]

1. d4 Nf6 2. Nf3 e6 3. Bf4 d5 4. e3 Bd6 5. Bd3 c5 6. dxc5 Bxf4 7. exf4 Qc7 8. Qd2 Qxc5 9. Nc3 Nc6 10. O-O O-O 11. Rfe1 a6 12. Rad1 b5 13. Ne5 Bb7 14. a3 Rfd8 15. Qe2 b4 16. axb4 Nxb4 17. Na4 Qc7 18. c3 Nxd3 19. Qxd3 Ne4 20. Qd4 Rac8 21. Nb6 Rb8 22. Ned7 Nd6 23. Nxb8 Nb5 24. Qb4 Qxb6 25. c4 dxc4 26. Qe7 Rxb8 27. Rd7 Rf8 28. Rxb7 Qd8 29. Rxe6 Nd4 30. Qxd8 Rxd8 31. Rd6 Re8 32. Re7 1-0

[Event "2026 European Womens Championship"]
[Site "Batumi, GE"]
[Date "2026.05.30"]
[Round "6"]
[White "Siekanska, Maria"]
[Black "Mkrtchian, Lilit"]
[Result "0-1"]
[Board "75"]
[TimeControl "5400+30"]
[WhiteFideId "21852650"]
[BlackFideId "13300601"]
[WhiteElo "2203"]
[BlackElo "2366"]
[WhiteTitle "WIM"]
[BlackTitle "IM"]
[WhiteClock "0:15:13"]
[BlackClock "0:20:34"]
[Variant "Standard"]

1. e4 e6 2. d4 d5 3. Nc3 Bb4 4. e5 c5 5. a3 Bxc3+ 6. bxc3 Qa5 7. Bd2 Qa4 8. h4 Nc6 9. h5 h6 10. Nf3 Nge7 11. Be2 b6 12. Qb1 Ba6 13. Qb3 Qxb3 14. cxb3 Bxe2 15. Kxe2 Na5 16. Rab1 c4 17. b4 Nb3 18. a4 Nxd2 19. Kxd2 f6 20. exf6 gxf6 21. Rbe1 Kf7 22. Nh4 Rhg8 23. Re2 Rg5 24. Rhe1 Rd8 25. Rxe6 Rd7 26. g3 Rxh5 27. f4 Ng6 28. Nxg6 Kxg6 29. Re8 Kf5 30. Ke3 Rg7 31. Rg1 Rh3 32. Kf2 h5 33. Rh8 Ke4 34. Re8+ Kf5 35. Rh8 Ke4 36. Re8+ Kd3 37. Re3+ Kd2 38. Rge1 h4 39. R1e2+ Kd1 40. gxh4 Rh2+ 41. Kf3 Rh3+ 42. Kf2 Rxh4 43. Re1+ Kc2 44. Kf3 Rgg4 45. f5 Rf4+ 46. Kg3 Rhg4+ 47. Kh3 Rg7 48. a5 Rxf5 49. Kh4 Rfg5 50. Re7 bxa5 51. bxa5 Kxc3 52. a6 Kxd4 53. Rb7 c3 54. Rd1+ Kc4 0-1

[Event "2026 European Womens Championship"]
[Site "Batumi, GE"]
[Date "2026.05.30"]
[Round "6"]
[White "Bulmaga, Irina"]
[Black "Antova, Gabriela"]
[Result "1/2-1/2"]
[Board "76"]
[TimeControl "5400+30"]
[WhiteFideId "13903063"]
[BlackFideId "2915235"]
[WhiteElo "2361"]
[BlackElo "2203"]
[WhiteTitle "IM"]
[BlackTitle "WGM"]
[WhiteClock "0:11:54"]
[BlackClock "0:20:41"]
[Variant "Standard"]

1. e4 d6 2. d4 Nf6 3. Nc3 e5 4. Nge2 Nc6 5. h3 g6 6. g3 Bg7 7. dxe5 dxe5 8. Qxd8+ Nxd8 9. Be3 Ne6 10. Bg2 b6 11. f4 Bb7 12. O-O Bh6 13. Nd5 Nd7 14. Kh2 exf4 15. gxf4 Bf8 16. f5 Bxd5 17. exd5 Bd6+ 18. Kh1 Ng7 19. Nd4 O-O 20. Bf4 Ne5 21. Rae1 Nc4 22. fxg6 hxg6 23. Bxd6 Nxd6 24. Nc6 Ngf5 25. Kg1 Rfe8 26. Kf2 a5 27. b3 Kg7 28. a4 Kf6 29. c3 Rxe1 30. Rxe1 Re8 31. Rxe8 Nxe8 32. b4 Ne7 33. Nxe7 Kxe7 34. Ke3 Nd6 35. Kd3 Nf5 36. bxa5 bxa5 37. Be4 Ng3 38. Bf3 Nf1 39. Bg2 Ng3 40. Kc4 Kd6 41. Bf3 Nf1 42. Kd4 Nd2 43. Bd1 f5 44. c4 Ne4 45. h4 Nc5 46. Bc2 Nd7 47. Bd1 Nc5 1/2-1/2

[Event "2026 European Womens Championship"]
[Site "Batumi, GE"]
[Date "2026.05.30"]
[Round "6"]
[White "Gaponenko, Inna"]
[Black "Mgeladze, Kesaria"]
[Result "1/2-1/2"]
[Board "77"]
[TimeControl "5400+30"]
[WhiteFideId "14101181"]
[BlackFideId "13621130"]
[WhiteElo "2331"]
[BlackElo "2147"]
[WhiteTitle "IM"]
[BlackTitle "WIM"]
[WhiteClock "0:02:03"]
[BlackClock "0:04:06"]
[Variant "Standard"]

1. e4 c5 2. Nf3 d6 3. d4 cxd4 4. Nxd4 Nf6 5. Nc3 a6 6. Be2 e5 7. Nb3 Be7 8. Be3 O-O 9. g4 Be6 10. g5 Nfd7 11. Qd2 Qc7 12. O-O-O Nb6 13. f4 Nc4 14. Bxc4 Bxc4 15. f5 Rd8 16. Qf2 Nd7 17. Nd2 Rac8 18. f6 Bf8 19. fxg7 Bxg7 20. Nxc4 Qxc4 21. Rxd6 Nf8 22. Rxd8 Rxd8 23. Rf1 Ng6 24. Qe2 Qe6 25. Rd1 Rc8 26. Nd5 Nf4 27. Bxf4 exf4 28. c3 Re8 29. Re1 Qe5 30. Qg4 Rd8 31. Nxf4 Qa5 32. Kb1 Bxc3 33. Rc1 Bxb2 34. Kxb2 Qb4+ 35. Ka1 Qd4+ 36. Kb1 Qb4+ 37. Ka1 1/2-1/2

[Event "2026 European Womens Championship"]
[Site "Batumi, GE"]
[Date "2026.05.30"]
[Round "6"]
[White "Mammadova, Gulnar"]
[Black "Poliakova, Varvara"]
[Result "0-1"]
[Board "78"]
[TimeControl "5400+30"]
[WhiteFideId "13403508"]
[BlackFideId "13518313"]
[WhiteElo "2325"]
[BlackElo "2108"]
[WhiteTitle "IM"]
[BlackTitle "WFM"]
[WhiteClock "0:20:07"]
[BlackClock "0:07:49"]
[Variant "Standard"]

1. e4 c5 2. Nc3 d6 3. Bb5+ Bd7 4. Bxd7+ Qxd7 5. d4 cxd4 6. Qxd4 Nc6 7. Qd3 g6 8. Nf3 Bg7 9. O-O Nf6 10. Nd5 O-O 11. c3 Rac8 12. Bg5 Nxd5 13. exd5 Ne5 14. Nxe5 Bxe5 15. f4 Bg7 16. f5 Rfe8 17. Rad1 Be5 18. Bh6 Qa4 19. Qh3 Bf6 20. a3 Qh4 21. Qxh4 Bxh4 22. Be3 b6 23. Bd4 Bg5 24. Rd3 Bh6 25. Rdf3 Bg7 26. Be3 Be5 27. g4 Rc4 28. h3 f6 29. g5 Rb8 30. gxf6 exf6 31. Bf4 g5 32. Bxe5 fxe5 33. Rg3 h6 34. Rg4 Rbc8 35. Kf2 Kf7 36. Rfg1 Kf6 37. h4 Kxf5 38. Rxc4 Rxc4 39. hxg5 hxg5 40. Ke3 Re4+ 41. Kd3 g4 42. Rh1 g3 43. Rh5+ Kg4 44. Rh6 Kf3 45. Rxd6 g2 0-1

[Event "2026 European Womens Championship"]
[Site "Batumi, GE"]
[Date "2026.05.30"]
[Round "6"]
[White "Sieber, Fiona"]
[Black "Avramidou, Anastasia"]
[Result "1/2-1/2"]
[Board "79"]
[TimeControl "5400+30"]
[WhiteFideId "12902373"]
[BlackFideId "4239873"]
[WhiteElo "2224"]
[BlackElo "2320"]
[WhiteTitle "WGM"]
[BlackTitle "FM"]
[WhiteClock "0:14:53"]
[BlackClock "0:10:43"]
[Variant "Standard"]

1. e4 c5 2. Nf3 e6 3. d4 cxd4 4. Nxd4 Nf6 5. Nc3 Bb4 6. Bd3 d6 7. O-O O-O 8. Bg5 h6 9. Bh4 g5 10. Bg3 Bxc3 11. bxc3 e5 12. Nf5 Bxf5 13. exf5 Nbd7 14. h4 Nc5 15. Re1 Rc8 16. Rb1 Kg7 17. f3 Nd5 18. Qd2 gxh4 19. Bf2 Qg5 20. Qxg5+ hxg5 21. Bxc5 Rxc5 22. Rxb7 Rxc3 23. Rd7 Nf4 24. f6+ Kh6 25. Rxd6 Nxd3 26. cxd3 Rc2 27. Rxe5 h3 28. gxh3 Rb8 29. Re1 Rxa2 30. Rd4 Rb6 31. h4 gxh4 32. Rxh4+ Kg5 33. Rh2 Ra3 34. Rd2 Rd6 35. Re7 Kxf6 36. Rb7 a5 37. Ra7 Rdxd3 38. Rxd3 Rxd3 39. Rxa5 Rxf3 40. Kg2 Rf5 41. Ra4 Kg5 42. Kg3 Rf1 43. Ra5+ Kg6 44. Kg4 f6 45. Rb5 Ra1 46. Kf4 Ra4+ 47. Kf3 Ra1 48. Kf4 Rf1+ 49. Kg3 Rf5 50. Rb8 Rc5 51. Rb3 Kg5 52. Kf3 f5 53. Ra3 Rc1 54. Rb3 Rh1 55. Kg2 Ra1 56. Kf3 Ra8 57. Rc3 Rh8 58. Rc4 Rh3+ 59. Kf2 Ra3 60. Rb4 Rc3 61. Ra4 Rb3 62. Rc4 Rb1 63. Ra4 Rd1 64. Kf3 Rf1+ 65. Kg3 Rg1+ 66. Kf3 Rh1 67. Rb4 Rh3+ 68. Kg2 Re3 69. Kf2 Re5 70. Kf3 Ra5 71. Rc4 Ra3+ 72. Kf2 Rd3 73. Ra4 Kf6 74. Ra6+ Ke5 75. Ra5+ Ke4 76. Ra4+ Rd4 77. Rxd4+ Kxd4 78. Kf3 f4 79. Kxf4 1/2-1/2

[Event "2026 European Womens Championship"]
[Site "Batumi, GE"]
[Date "2026.05.30"]
[Round "6"]
[White "Kazarian, Anna-Maja"]
[Black "Ismayil, Malak"]
[Result "1-0"]
[Board "80"]
[TimeControl "5400+30"]
[WhiteFideId "1033689"]
[BlackFideId "13412604"]
[WhiteElo "2317"]
[BlackElo "2122"]
[WhiteTitle "FM"]
[BlackTitle "WIM"]
[WhiteClock "0:03:13"]
[BlackClock "0:05:13"]
[Variant "Standard"]

1. e4 e5 2. Nf3 Nc6 3. Bb5 a6 4. Ba4 Nf6 5. O-O Be7 6. Re1 b5 7. Bb3 d6 8. c3 O-O 9. d4 Bg4 10. Be3 exd4 11. cxd4 Na5 12. Bc2 c5 13. h3 Bh5 14. Nbd2 Rc8 15. d5 Bxf3 16. Qxf3 Nd7 17. Qg3 Ne5 18. b3 Bh4 19. Qh2 c4 20. b4 c3 21. Nb3 Nac4 22. Bd4 Na3 23. Re2 Bf6 24. f4 Nxc2 25. Rxc2 Nd3 26. e5 dxe5 27. fxe5 Bg5 28. d6 Bf4 29. g3 Qg5 30. Kh1 Bxe5 31. h4 Qxg3 32. Qxg3 Bxg3 33. Rd1 Nxb4 34. Rg2 c2 35. Rdg1 Nxa2 36. Rxg3 g6 37. Bb2 Rfd8 38. Rd3 Nb4 39. Rd2 Rd7 40. Re1 Kf8 41. h5 f5 42. hxg6 hxg6 43. Re6 a5 44. Rf6+ Rf7 45. Rxg6 Rh7+ 46. Kg1 Na2 47. d7 Rd8 48. Nc5 c1=Q+ 49. Bxc1 Kf7 50. Ne6 Rdh8 51. d8=Q Rh1+ 52. Kg2 R1h2+ 53. Kg3 R2h3+ 54. Kf4 Rxd8 55. Nxd8+ Kxg6 56. Rxa2 Rh4+ 57. Ke5 Re4+ 58. Kd5 Re1 59. Rg2+ Kh5 60. Bd2 Rd1 61. Ne6 b4 62. Ke5 Kh4 63. Bg5+ Kh5 64. Nf4 1-0

[Event "2026 European Womens Championship"]
[Site "Batumi, GE"]
[Date "2026.05.30"]
[Round "6"]
[White "Rodshtein, Tereza"]
[Black "Sliwicka, Alicja"]
[Result "0-1"]
[Board "81"]
[TimeControl "5400+30"]
[WhiteFideId "325449"]
[BlackFideId "1150677"]
[WhiteElo "2218"]
[BlackElo "2315"]
[WhiteTitle "WGM"]
[BlackTitle "WGM"]
[WhiteClock "0:14:28"]
[BlackClock "0:06:32"]
[Variant "Standard"]

1. e4 c5 2. Nf3 Nc6 3. d4 cxd4 4. Nxd4 e5 5. Nf5 d5 6. exd5 Bxf5 7. dxc6 Qxd1+ 8. Kxd1 bxc6 9. Bd3 Bxd3 10. cxd3 Bc5 11. Be3 Bxe3 12. fxe3 Ne7 13. Ke2 Kd7 14. Nd2 Rhb8 15. Nc4 f6 16. g4 Nc8 17. Rac1 Nd6 18. b3 Rb4 19. Nxd6 Kxd6 20. Kf3 a5 21. Rc3 a4 22. Rhc1 Ra6 23. bxa4 Rbxa4 24. R1c2 g6 25. h3 h6 26. Ke2 f5 27. Kf3 Ra3 28. gxf5 gxf5 29. d4 exd4 30. exd4 Rxc3+ 31. Rxc3 Kd5 32. Ke3 Rxa2 33. Rc5+ Kd6 34. Rxf5 Ra3+ 35. Ke4 Rxh3 36. Rf6+ Kd7 37. Rg6 Kc7 38. Rg8 Rh1 39. Rh8 Kd7 40. Kd3 h5 41. Ke4 Kc7 42. Rh6 Kb7 43. Ke5 h4 44. d5 c5 45. Rh7+ Kb6 46. d6 h3 47. Ke6 h2 48. Kd7 c4 49. Kc8 Ra1 50. Rxh2 Kc6 51. Kb8 Kxd6 0-1

[Event "2026 European Womens Championship"]
[Site "Batumi, GE"]
[Date "2026.05.30"]
[Round "6"]
[White "Venskaya, Nika"]
[Black "Matnadze Bujiashvili, Ann"]
[Result "1/2-1/2"]
[Board "82"]
[TimeControl "5400+30"]
[WhiteFideId "13523503"]
[BlackFideId "13601377"]
[WhiteElo "1937"]
[BlackElo "2310"]
[WhiteTitle "WCM"]
[BlackTitle "IM"]
[WhiteClock "0:17:32"]
[BlackClock "0:30:41"]
[Variant "Standard"]

1. d4 Nf6 2. c4 e6 3. Nf3 d5 4. g3 Bb4+ 5. Bd2 Be7 6. Bg2 c6 7. Qc2 Nbd7 8. O-O Ne4 9. Nc3 f5 10. Bf4 g5 11. Be3 h5 12. Nxe4 dxe4 13. Ne5 Nxe5 14. dxe5 Kf7 15. f3 exf3 16. Bxf3 Qc7 17. Bd4 g4 18. Bg2 Rd8 19. Rad1 Rxd4 20. Rxd4 Bc5 21. e3 Qxe5 22. Rd3 Bxe3+ 23. Kh1 Bg5 24. b3 Be7 25. Qd2 Qf6 26. b4 a6 27. a4 e5 28. b5 axb5 29. axb5 Ra4 30. Qc2 Rb4 31. Rb3 Rxb3 32. Qxb3 h4 33. bxc6 bxc6 34. gxh4 f4 35. Qd3 Kg7 36. Be4 Qxh4 37. Qc3 Bf6 38. Rg1 g3 39. Rg2 c5 40. Kg1 Qg4 41. hxg3 Qd1+ 42. Kh2 Qh5+ 43. Kg1 Qd1+ 44. Kf2 1/2-1/2

[Event "2026 European Womens Championship"]
[Site "Batumi, GE"]
[Date "2026.05.30"]
[Round "6"]
[White "Arakhamia-Grant, Ketevan"]
[Black "Radikovic, Anamarija"]
[Result "1-0"]
[Board "83"]
[TimeControl "5400+30"]
[WhiteFideId "13600168"]
[BlackFideId "14546264"]
[WhiteElo "2306"]
[BlackElo "1974"]
[WhiteTitle "GM"]
[BlackTitle "WFM"]
[WhiteClock "0:02:13"]
[BlackClock "0:13:24"]
[Variant "Standard"]

1. e4 c5 2. Nf3 g6 3. d4 cxd4 4. Nxd4 Bg7 5. c4 Nc6 6. Be3 Qb6 7. Nb3 Qd8 8. Qd2 Nf6 9. f3 d6 10. Nc3 a5 11. a4 Be6 12. Nd5 Nd7 13. Be2 O-O 14. h4 Bxd5 15. exd5 Nb4 16. h5 Rc8 17. Bh6 Bxh6 18. Qxh6 Nf6 19. Nd4 Qb6 20. Rd1 Na6 21. g4 Qb4+ 22. Rd2 Rxc4 23. Bxc4 Qxc4 24. hxg6 fxg6 25. Ne6 Rf7 26. Rdh2 Qxd5 27. Qxg6+ 1-0

[Event "2026 European Womens Championship"]
[Site "Batumi, GE"]
[Date "2026.05.30"]
[Round "6"]
[White "Abdinova, Narmin"]
[Black "Zimina, Olga"]
[Result "1/2-1/2"]
[Board "84"]
[TimeControl "5400+30"]
[WhiteFideId "13425340"]
[BlackFideId "4132190"]
[WhiteElo "2165"]
[BlackElo "2290"]
[WhiteTitle "WIM"]
[BlackTitle "IM"]
[WhiteClock "0:01:27"]
[BlackClock "0:00:40"]
[Variant "Standard"]

1. e4 c6 2. Nc3 d5 3. Qf3 d4 4. Bc4 e6 5. Nce2 c5 6. d3 Nc6 7. Qg3 h5 8. f4 Na5 9. Bb5+ Bd7 10. Bxd7+ Qxd7 11. Bd2 Nc6 12. Nf3 Nf6 13. O-O O-O-O 14. a3 h4 15. Nxh4 c4 16. Nf3 Bc5 17. b4 cxb3 18. cxb3 Nxe4 19. dxe4 d3+ 20. Kh1 dxe2 21. Rfc1 Bd4 22. Rab1 f5 23. e5 Kb8 24. Qe1 Bb6 25. Qxe2 Nd4 26. Nxd4 Qxd4 27. Bb4 Qxf4 28. h3 Be3 29. Re1 Bb6 30. Bd6+ Ka8 31. Rf1 Qh4 32. Qc4 Qg3 33. Qf4 Qg6 34. Rbc1 Qh7 35. Bc7 Rd4 36. Qf3 g5 37. Bxb6 axb6 38. Qe3 Rg4 39. Rf3 Ka7 40. Kg1 Re4 41. Qxg5 Rg8 42. Qd2 Qg7 43. Qb2 Rd8 44. Kh2 Rdd4 45. Qf2 f4 46. Rc8 Rd1 47. Rxf4 Qxe5 48. Rc4 Rde1 49. Qf3 Rxc4 50. bxc4 Re3 51. Qf1 Re1 52. Qf3 Re3 53. Qf1 Re1 54. Qf3 Re3 55. Qf1 Re1 1/2-1/2

[Event "2026 European Womens Championship"]
[Site "Batumi, GE"]
[Date "2026.05.30"]
[Round "6"]
[White "Tashkinova, Sofiia"]
[Black "Efroimski, Marsel"]
[Result "0-1"]
[Board "85"]
[TimeControl "5400+30"]
[WhiteFideId "14188309"]
[BlackFideId "2810964"]
[WhiteElo "2085"]
[BlackElo "2386"]
[WhiteTitle "WFM"]
[BlackTitle "IM"]
[WhiteClock "0:14:41"]
[BlackClock "0:08:32"]
[Variant "Standard"]

1. e4 c5 2. Nf3 d6 3. d4 cxd4 4. Nxd4 Nf6 5. Nc3 a6 6. Be2 e5 7. Nb3 Be6 8. Be3 Nbd7 9. g4 h6 10. h4 b5 11. a3 Nb6 12. Rg1 Nc4 13. g5 Nd7 14. Bg4 Nxb2 15. Qe2 h5 16. Bxe6 fxe6 17. Bc1 Na4 18. Nxa4 bxa4 19. Nd2 Qc7 20. c4 g6 21. Rb1 Bg7 22. Nf1 Rc8 23. Ne3 O-O 24. f3 Nc5 25. Bd2 Nb3 26. Rf1 Rb8 27. Qd1 Qc5 28. Kf2 Qxa3 29. Kg3 Qc5 30. Qc2 Rb7 31. Qd3 Qd4 32. Qe2 Nxd2 33. Rxb7 Qxe3 34. Qxe3 Nxf1+ 35. Kf2 Nxe3 0-1

[Event "2026 European Womens Championship"]
[Site "Batumi, GE"]
[Date "2026.05.30"]
[Round "6"]
[White "Khachatryan, Anna"]
[Black "Tsolakidou, Stavroula"]
[Result "1/2-1/2"]
[Board "86"]
[TimeControl "5400+30"]
[WhiteFideId "13310780"]
[BlackFideId "4264312"]
[WhiteElo "2154"]
[BlackElo "2455"]
[WhiteTitle "WFM"]
[BlackTitle "IM"]
[WhiteClock "0:01:00"]
[BlackClock "0:01:25"]
[Variant "Standard"]

1. c4 e5 2. Nc3 Bb4 3. Nd5 Be7 4. e3 Nf6 5. Nxe7 Qxe7 6. Ne2 d5 7. cxd5 Nxd5 8. Nc3 Nb6 9. Be2 O-O 10. O-O Nc6 11. d4 exd4 12. exd4 Rd8 13. Be3 Be6 14. Re1 Qb4 15. Nb5 Rd7 16. Bd2 Qf8 17. Bf3 Nxd4 18. Nxd4 Rxd4 19. Qc1 Rc4 20. Qb1 c6 21. b3 Rh4 22. Qb2 Qd6 23. g3 Rh3 24. Bf4 Qd3 25. Re3 Qg6 26. Re5 Qf6 27. Rb1 Nd5 28. Bxd5 Bxd5 29. Qe2 Rf8 30. Re1 Qg6 31. Rg5 Qe6 32. Re5 Qd7 33. Re7 Qf5 34. Re5 Qd7 1/2-1/2